 Dungeon Crawl Stone Soup version 0.30-a0-4-ga7cffc901d (webtiles) character file.

Game seed: 16307502318468526494

560 ytrimaz the Insei (level 7, -1/53 HPs)
             Began as a Demonspawn Monk on Aug 22, 2022.
             Was a Believer of Makhleb.
             Slain by a gnoll
             ... wielding a +0 spear
              (6 damage)
             ... on level 4 of the Dungeon.
             The game lasted 00:05:50 (4276 turns).

ytrimaz the Insei (Demonspawn Monk)                 Turns: 4276, Time: 00:05:51

Health: -1/53      AC:  3    Str: 11    XL:     7   Next: 9%
Magic:  7/7        EV: 14    Int: 13    God:    Makhleb [**....]
Gold:   134        SH:  0    Dex: 22    Spells: 6/6 levels left

rFire   + . .      SeeInvis .      - Unarmed
rCold   . . .      Faith    .    (no shield)
rNeg    . . .      Spirit   .    d - +0 leather armour {rF+}
rPois   .          Reflect  .    (no helmet)
rElec   .          Harm     .    (no cloak)
rCorr   .          Rampage  .    (no gloves)
Will    .....                    (no boots)
Stlth   ++........               (no amulet)
HPRegen 0.17/turn                e - +6 ring of dexterity
MPRegen 0.10/turn                (no ring)

@: mighty
A: claws 1, powered by pain 1, sturdy frame 1
a: Renounce Religion, Minor Destruction


You were on level 4 of the Dungeon.
You worshipped Makhleb.
Makhleb was pleased with you.
You visited 1 branch of the dungeon, and saw 4 of its levels.

You collected 134 gold pieces.

Inventory:

Armour
 a - a +0 robe
 d - a +0 leather armour of fire resistance (worn)
 m - a +0 pair of gloves
Jewellery
 e - a +6 ring of dexterity (left claw)
Wands
 l - a wand of charming (2)
Scrolls
 h - 4 scrolls of poison
 i - 2 scrolls of amnesia
 j - 2 scrolls of identify
 o - a scroll of fog
Potions
 b - a potion of ambrosia


   Skills:
 + Level 3.9 Fighting
 + Level 4.1 Dodging
 - Level 1.7 Stealth
 + Level 6.3 Unarmed Combat


You had 6 spell levels left.
You didn't know any spells.
Your spell library was empty.

Dungeon Overview and Level Annotations

Branches:
Dungeon (4/15)
 Temple: D:4-7

Altars:
Makhleb

Shops:
D:2 =


Innate Abilities, Weirdness & Mutations

You have sharp fingernails.
You sometimes gain a little power by taking damage.
Your movements are slightly less encumbered by armour. (ER -2)


Message History

The gnoll hits your gnoll with a +0 spear!
Your gnoll dies!
Found a stone staircase leading down.
An endoplasm comes into view.
The endoplasm quivers.
The endoplasm freezes you.
You are frozen.
* * * LOW HITPOINT WARNING * * *
The endoplasm freezes you.
You are frozen.
* * * LOW HITPOINT WARNING * * *
The endoplasm freezes you.
You are frozen.
* * * LOW HITPOINT WARNING * * *
The endoplasm attacks as you move away! The endoplasm barely misses you.
What are your orders? t - Shout!
Orders for allies: a - Attack new target. r - Retreat! s - Stop attacking. g - Guard the area. f - Follow me.
Anything else - Cancel.
Okay, then.
There are monsters nearby!
Aiming: Charm
Press: ? - help, Shift-Dir - straight line, f - endoplasm
Aim: an endoplasm (chance to affect: 66%)
The endoplasm struggles to resist.
The endoplasm freezes you.
You are frozen.
* * * LOW HITPOINT WARNING * * *
You claw the endoplasm!
You kill the endoplasm!
Makhleb accepts your kill.
Unknown command.
Aiming: Charm
Press: ? - help, Shift-Dir - straight line, f - gnoll
Aim: a gnoll, wielding a +0 spear (chance to affect: 57%)
The gnoll resists with significant effort.
The gnoll hits you from afar with a +0 spear.
You die...

# ####.# #
##....#
#..####.@#
#......##
#####.g#
##g#
####..##
#......## #
....####..#
.# .# ###
##.##.# ...
### ##....#
#.


You could see 2 gnolls.

Vanquished Creatures
  An ogre (D:4)
  A necrophage (D:4)
  A scorpion (D:4)
  3 iron imps (D:4)
  Natasha (twice) (D:3)
  6 adders
  2 worms
  2 dart slugs
  An orc (D:4)
  2 bats
  6 endoplasms
  2 giant cockroaches
  7 goblins
  2 hobgoblins
  8 kobolds
  4 quokkas
  10 ball pythons
  A frilled lizard (D:2)
  A rat (D:3)
62 creatures vanquished.

Vanquished Creatures (collateral kills)
  A water moccasin (D:4)
  A dart slug (D:4)
2 creatures vanquished.

Vanquished Creatures (others)
  A gnoll (D:4)
1 creature vanquished.

Grand Total: 65 creatures vanquished

Notes
Turn   | Place    | Note
-------+----------+-------------------------------------------
     0 | D:1      | ytrimaz the Demonspawn Monk began the quest for the Orb.
     0 | D:1      | Reached XP level 1. HP: 18/18 MP: 1/1
   696 | D:1      | Gained mutation: Your movements are slightly less
                  | encumbered by armour. (ER -2) [demonic ancestry]
   696 | D:1      | Reached XP level 2. HP: 23/24 MP: 2/2
  1029 | D:2      | Found Kubbi's Jewellery Shop.
  1047 | D:2      | Reached skill level 3 in Unarmed Combat
  1651 | D:2      | Reached XP level 3. HP: 27/29 MP: 3/3
  2295 | D:2      | Found a faded altar of an unknown god.
  2624 | D:3      | Noticed Natasha
  2631 | D:3      | Killed Natasha
  2632 | D:3      | Gained mutation: You sometimes gain a little power by
                  | taking damage. [demonic ancestry]
  2632 | D:3      | Reached XP level 4. HP: 29/35 MP: 4/4
  2887 | D:3      | Reached skill level 4 in Unarmed Combat
  3232 | D:3      | Noticed Natasha
  3255 | D:3      | HP: 1/35 [Natasha (1)]
  3258 | D:3      | Killed Natasha
  3259 | D:3      | Gained mutation: You have sharp fingernails. [demonic
                  | ancestry]
  3259 | D:3      | Reached XP level 5. HP: 31/41 MP: 5/5
  3781 | D:4      | Noticed an ogre
  3795 | D:4      | Killed an ogre
  3796 | D:4      | Reached skill level 5 in Unarmed Combat
  3796 | D:4      | Reached XP level 6. HP: 48/48 MP: 6/6
  3798 | D:4      | Found a burning altar of Makhleb.
  3843 | D:4      | Became a worshipper of Makhleb the Destroyer
  3843 | D:4      | Reached * piety under Makhleb
  3843 | D:4      | Reached ** piety under Makhleb
  3924 | D:4      | Noticed a water moccasin
  3945 | D:4      | Killed a water moccasin
  3946 | D:4      | Reached skill level 6 in Unarmed Combat
  4134 | D:4      | Reached XP level 7. HP: 28/53 MP: 7/7
  4276 | D:4      | Slain by a gnoll

Illustrated notes

Levels and vault maps discovered:
D:1:      dpeg_arrival_tiny_d, layout_loops_corners
D:2:      layout_loops_cross, shapermc_ecumenical_altar_mp_vishouse,
          serial_shops, shop
D:3:      layout_loops_ring, corexii_corridor_pit, kennysheep_generic_room_13,
          uniq_natasha
D:4:      layout_rooms, mainiacjoe_overflow_cross_hatched, demons_altar,
          minmay_temple_entry_hall

Skill      XL: |  1  2  3  4  5  6 |
---------------+-------------------+-----
Dodging        | 3 4 |  4.1
Unarmed Combat | 3 4 5 6 |  6.3
Fighting       | |  3.9
Stealth        | |  1.7

Action                   |  1- 3 |  4- 6 |  7- 9 || total
-------------------------+-------+-------+-------++-------
Melee: Unarmed           |   157 |   131 |     7 ||   295
       Punch             |     6 |     4 |       ||    10
Evoke: Wand              |       |       |     3 ||     3
  Use: Scroll            |     5 |     4 |       ||     9
       Potion            |     2 |     7 |       ||     9
 Stab: Sleeping          |    11 |     5 |       ||    16
       Invisible         |       |     6 |       ||     6
Armor: Leather armour    |    35 |    21 |     3 ||    59
       Robe              |     2 |       |       ||     2
Dodge: Dodged            |   107 |    88 |     4 ||   199

Table legend: (Time is in decaauts)
 A = Elapsed time spent in this place.
 B = Non-inter-level travel time spent in this place.
 C = Inter-level travel time spent in this place.
 D = Time resting spent in this place.
 E = Time spent auto-exploring this place.
 F = Levels seen in this place.
 G = Mean time per level.
                   A        B        C        D        E       F      G
               +--------+--------+--------+--------+--------+-----+--------+
         Total |   4253 |   4179 |     74 |    292 |   3116 |   4 | 1063.2 |
       Dungeon |   4253 |   4179 |     74 |    292 |   3116 |   4 | 1063.2 |
               +--------+--------+--------+--------+--------+-----+--------+

Top non-repeatable levels by time:
     D:2: 1594 daAuts
     D:3: 1069 daAuts
     D:1: 1019 daAuts
     D:4: 569 daAuts
